Map: Central Protocol

Players

oremj - Winner!

  • Race: Zerg Zerg
  • League: Gold

Purgator

  • Race: Zerg Zerg

VOD

Have the link to the VOD?

Description

Time

  • Played on: Nov. 11, 2015, 8:14 p.m.
  • Length: 5:19
Show
View Real Time Build Order
Export as new Build Order

oremj Zerg - Winner!

Build Orders: Pool First 

Get SALT Encoding   

  12  0:01  Drone  
  13  0:08  Drone  
  14  0:23  Extractor  
  13  0:29  Spawning Pool  
  13  0:31  Drone  
  13  0:39  Overlord  
  13  0:47  Drone  
  14  0:57  Drone x2  
  17  1:04  Drone  
  17  1:26  Metabolic Boost  
  17  1:27  Zergling x2  
  17  1:28  Zergling x2  
  19  1:44  Hatchery  
  19  1:46  Zergling x2  
  19  1:53  Zergling x2  
  20  2:00  Zergling x2  
  21  2:08  Overlord  
  21  2:19  Zergling x2  
  22  2:26  Queen  
  24  2:32  Zergling x2  
  25  2:41  Roach Warren  
  24  2:47  Zergling x2  
  25  2:59  Zergling x2  
  25  3:00  Zergling x2  
  25  3:04  Drone  
  28  3:14  Queen  
  30  3:20  Roach  
  30  3:21  Roach x2  
  30  3:23  Overlord  
  36  3:34  Roach  
  31  3:45  Spine Crawler, Zergling x4  
  31  4:04  Lair  
  31  4:07  Drone  
  31  4:08  Drone  
  33  4:12  Drone  
  35  4:17  Drone  
  35  4:34  Zergling x8  
  37  4:40  Zergling x2  
  37  4:44  Roach  
  36  4:56  Roach x2  
Show
View Real Time Build Order
Export as new Build Order

Purgator Zerg 

Build Orders: Hatch First 

Get SALT Encoding   

  12  0:01  Drone  
  13  0:11  Drone  
  14  0:17  Drone, Extractor  
  15  0:22  Overlord  
  15  0:40  Drone  
  15  0:41  Drone  
  17  0:44  Drone  
  18  1:00  Hatchery  
  18  1:03  Drone, Extractor  
  17  1:06  Drone  
  18  1:19  Spawning Pool  
  18  1:22  Drone  
  18  1:32  Evolution Chamber  
  17  1:34  Drone  
  18  1:51  Overlord  
  18  1:52  Drone  
  19  2:01  Drone  
  20  2:05  Zerg Missile Weapons Level 1  
  20  2:07  Queen  
  22  2:15  Queen  
  22  2:21  Drone  
  22  2:22  Drone  
  26  2:40  Roach Warren  
  26  2:44  Drone  
  26  2:46  Drone  
  26  2:47  Drone  
  26  2:48  Overlord  
  28  2:55  Zergling x4  
  24  3:15  Overlord  
  24  3:23  Roach x5  
  34  3:28  Roach  
  29  3:55  Spine Crawler  
  29  3:57  Queen  
  29  4:02  Zergling x2  
  31  4:21  Drone x5  
  32  4:57  Roach  
  32  4:58  Roach x2  
Tags
 
Add a new tag
Caveats
  • Supply blocks, unpowered buildings, or Contaminate may cause inaccurate times.
  • Supply counts are checked every 10 seconds.